 Dungeon Crawl Stone Soup version 0.31.0 (webtiles) character file.

Game seed: 4188465189895792259

177 qw the Shooter (level 5, -2/32 HPs)
             Began as a Gargoyle Hunter on Jan 20, 2024.
             Slain by a gnoll sergeant
             ... wielding a +0 vampiric trident
              (6 damage)
             ... on level 3 of the Dungeon.
             The game lasted 00:00:07 (1754 turns).

qw the Shooter (Gargoyle Hunter)                    Turns: 1754, Time: 00:00:07

Health: -2/32      AC:  8    Str: 15    XL:     5   Next: 57%
Magic:  5/5        EV:  8    Int:  9    God:
Gold:   76         SH:  0    Dex: 15    Spells: 4/4 levels left

rFire   . . .        a - +0 shortbow
rCold   . . .        (shield currently unavailable)
rNeg    + . .        c - +0 leather armour
rPois   inf          f - +0 helmet
rElec   +            (no cloak)
rCorr   .            (no gloves)
SInv    .            (no boots)
Will    .....        (no amulet)
Stlth   ++           (no ring)
HPRegen 0.25/turn    (no ring)
MPRegen 0.09/turn

%: no passive effects
@: constricted
A: sickness immunity, AC +4, negative energy resistance 1, electricity
resistance, torment resistance 1, petrification resistance
a: no special abilities


You were on level 3 of the Dungeon.
You visited 1 branch of the dungeon, and saw 3 of its levels.

You collected 76 gold pieces.


Innate Abilities, Weirdness & Mutations

You are immune to sickness and miasma.
Your stone body is resilient. (AC +4)
You are immune to poison.
You resist negative energy. (rN+)
You are resistant to electric shocks. (rElec)
You are resistant to unholy torment.
You are immune to petrification.


   Skills:
 + Level 3.3 Fighting
 - Level 6.0 Ranged Weapons
 - Level 1.1 Armour
 - Level 1.5 Dodging
 - Level 1.1 Stealth


You had 4 spell levels left.
You didn't know any spells.
Your spell library was empty.

Inventory:

Hand Weapons
 a - a +0 shortbow (weapon)
Armour
 c - a +0 leather armour (worn)
 f - a +0 helmet (worn)
Scrolls
 b - a scroll of identify

Dungeon Overview and Level Annotations

Branches:
Dungeon (3/15)

Altars:
Vehumet


Message History

You shoot an arrow. The arrow hits the gnoll.
The gnoll is heavily wounded.
You hear a shout!
The gnoll closely misses you.
The gnoll sergeant completely misses you.
You hear a shout!
You shoot an arrow.
The arrow hits the gnoll but does no damage.
The gnoll is heavily wounded.
You hear a shout!
The gnoll misses you.
The gnoll sergeant hits you from afar with a +0 vampiric trident.
You shoot an arrow. The arrow barely misses the gnoll.
The gnoll hits you with a +0 halberd. The gnoll sergeant misses you.
You shoot an arrow. The arrow hits the gnoll.
The gnoll is severely wounded.
The gnoll hits you with a +0 halberd! The gnoll sergeant barely misses you.
You shoot an arrow. The arrow hits the gnoll.
You kill the gnoll!
The gnoll sergeant hits you from afar with a +0 vampiric trident.
You shoot an arrow. The arrow hits the ball python.
The ball python is heavily wounded.
The ball python bites you but does no damage.
The ball python closely misses you.
The gnoll sergeant hits you from afar with a +0 vampiric trident.
The ball python barely misses you. The ball python grabs you.
The ball python constricts you.
You shoot an arrow.
The arrow hits the ball python but does no damage.
The ball python is heavily wounded.
The gnoll sergeant hits you from afar with a +0 vampiric trident.
The ball python closely misses you. The ball python constricts you.
You shoot an arrow.
The arrow barely misses the ball python.
You hear a shout!
The ball python closely misses you. The ball python constricts you.
The gnoll sergeant hits you from afar with a +0 vampiric trident.
The ball python barely misses you. The ball python constricts you.
The gnoll sergeant hits you from afar with a +0 vampiric trident.
You die...

#.......# #.....o..
. %..g.[.g ..
#.....# .. #..
..)...# .... #...
#g....# .... #....
#g....# #..#
#..>.#S########..##
#..)...@.....##...#
#....#.#####..##..#
#### #....#.#
##.....###... ####
#.# ###....##...
#.# ##....#... ..#
##....... #.#
###..... ... ###...
#..<


You could see a gnoll sergeant, a gnoll and a ball python.

Vanquished Creatures
  2 orc wizards (D:2)
  Terence (D:2)
  5 gnolls
  An adder (D:3)
  A dart slug (D:2)
  3 orcs (D:2)
  2 bats (D:1)
  2 endoplasms
  3 giant cockroaches (D:1)
  8 goblins
  3 hobgoblins
  3 jackals (D:2)
  2 quokkas
  2 ball pythons (D:1)
  A frilled lizard (D:1)
  4 kobolds
  4 rats
47 creatures vanquished.

Notes
Turn   | Place    | Note
-------+----------+-------------------------------------------
     0 | D:1      | qw the Gargoyle Hunter began the quest for the Orb.
     0 | D:1      | Reached XP level 1. HP: 12/12 MP: 1/1
     0 | D:1      | 0 ||| qw: Version: 0.3-a-132-g3d54051
     0 | D:1      | 0 ||| qw: Game counter: 429
     0 | D:1      | 0 ||| qw: Melee chars always use a shield: true
     0 | D:1      | 0 ||| qw: God list: Okawaru
     0 | D:1      | 0 ||| qw: Allow faded altars: false
     0 | D:1      | 0 ||| qw: Do Orc after clearing Dungeon:15 true
     0 | D:1      | 0 ||| qw: Do second Lair branch before Depths: true
     0 | D:1      | 0 ||| qw: Lair rune preference: random
     0 | D:1      | 0 ||| qw: Goals: Normal
     0 | D:1      | 0 ||| PLANNING D:1-11
   331 | D:1      | Reached XP level 2. HP: 17/17 MP: 2/2
   941 | D:1      | 941 ||| UPGRADING to +0 helmet.
   946 | D:1      | 946 ||| READING 2 scrolls labelled DYIR ZORCHUE.
   947 | D:1      | 947 ||| READING scroll labelled MUZUTALYIS.
   948 | D:1      | 948 ||| READING scroll labelled FUTHRI KYCS.
   949 | D:1      | 949 ||| READING scroll labelled BEULISHREMOD.
   950 | D:1      | 950 ||| READING scroll labelled JAXEURUMYE.
   950 | D:1      | 950 ||| IDENTIFYING fuming clear potion
   951 | D:1      | 951 ||| DRINKING 2 yellow potions.
   952 | D:1      | 952 ||| DROPPING scroll of butterflies.
   953 | D:1      | 953 ||| DROPPING scroll of revelation.
   954 | D:1      | 954 ||| DROPPING potion of lignification.
   955 | D:1      | 955 ||| DROPPING potion of attraction.
  1065 | D:2      | Found a radiant altar of Vehumet.
  1094 | D:2      | Reached XP level 3. HP: 20/21 MP: 3/3
  1170 | D:2      | Reached skill level 5 in Ranged Weapons
  1209 | D:2      | Reached skill level 3 in Fighting
  1222 | D:2      | Reached XP level 4. HP: 28/28 MP: 4/4
  1257 | D:2      | 1257 ||| RETREEEEATING.
  1267 | D:2      | 1267 ||| FLEEEEING.
  1286 | D:2      | 1286 ||| FLEEEEING.
  1293 | D:2      | 1293 ||| STAIRDANCE
  1322 | D:2      | Reached XP level 5. HP: 32/32 MP: 5/5
  1413 | D:2      | Noticed Terence
  1422 | D:2      | Killed Terence
  1423 | D:2      | Reached skill level 6 in Ranged Weapons
  1460 | D:2      | 1460 ||| FLEEEEING.
  1718 | D:3      | Reached skill level 1 in Armour
  1741 | D:3      | 1741 ||| RETREEEEATING.
  1746 | D:3      | 1746 ||| RETREEEEATING.
  1752 | D:3      | HP: 8/32 [constriction (1)]
  1754 | D:3      | Slain by a gnoll sergeant

Levels and vault maps discovered:
D:1:      dpeg_arrival_concentric_ovals, layout_basic
D:2:      layout_basic, basic_altar, uniq_terence
D:3:      cheibrodos_old_hovel, layout_rooms, ebering_ghost_disaster_area,
          chequers_serial_rivers_small_3, st_stairs_12, uniq_ijyb

Skill      XL: |  1  2  3  4  5 |
---------------+----------------+-----
Ranged Weapons | 5 6 |  6.0
Fighting       | 3 |  3.3
Armour         | 1 |  1.1
Dodging        | |  1.5
Stealth        | |  1.1

Action                     |  1- 3 |  4- 6 || total
---------------------------+-------+-------++-------
   Fire: Shortbow          |    88 |    74 ||   162
    Use: Scroll            |     5 |       ||     5
         Potion            |     1 |       ||     1
 Armour: Leather armour    |    23 |    29 ||    52
  Dodge: Dodged            |    21 |    25 ||    46

Table legend:
 A = Non-vault XP
 B = Vault XP
 C = Vault XP percentage of total XP
 D = Non-vault monster count
 E = Vault monster count
 F = Vault count percentage of total count
                 A         B        C        D         E       F
            +---------+---------+-------+---------+---------+-------
      Total |     221 |      32 |  12.6 |      46 |       1 |   2.1
            +---------+---------+-------+---------+---------+-------
        D:1 |      31 |       0 |   0.0 |      18 |       0 |   0.0
        D:2 |     157 |      32 |  16.9 |      23 |       1 |   4.2
        D:3 |      33 |       0 |   0.0 |       5 |       0 |   0.0
            +---------+---------+-------+---------+---------+-------
